 Dungeon Crawl Stone Soup version 0.28-a0-938-gbc3f381ebc (webtiles) character file.

Game seed: 7247694457498386287

5100 gigimoi the Spear-Bearer (level 10, -2/55 HPs)
             Began as a Vine Stalker Berserker on Nov 29, 2021.
             Was a Priest of Trog.
             Slain by a troll (8 damage)
             ... on level 9 of the Dungeon.
             The game lasted 00:22:42 (7638 turns).

gigimoi the Spear-Bearer (Vine Stalker Berserker)   Turns: 7638, Time: 00:22:43

Health: -2/55      AC:  7    Str: 22    XL:     10   Next: 57%
Magic:  0/11       EV: 11    Int:  7    God:    Trog [***...]
Gold:   399        SH:  0    Dex: 15    Spells: 9/9 levels left

rFire   + . .      SeeInvis .   z - +5 halberd
rCold   x . .      Faith    +   (shield currently unavailable)
rNeg    . . .      Spirit   +   o - +0 ring mail
rPois   .          Reflect  .   q - +0 helmet
rElec   .          Harm     .   (no cloak)
rCorr   .          Rampage  .   (no gloves)
Will    +++..                   (no boots)
Stlth   ++........              t - amulet of faith
HPRegen 1.98/turn               i - ring of fire
MPRegen 0.12/turn               (no ring)

@: strong-willed, regenerating
A: fangs 3, regeneration 1, magic shield, antimagic bite, no potion heal 2
a: Renounce Religion, Berserk, Trog's Hand


You were on level 9 of the Dungeon.
You worshipped Trog.
Trog was most pleased with you.
You visited 1 branch of the dungeon, and saw 9 of its levels.
You also visited: Ossuary.

You collected 399 gold pieces.

Inventory:

Hand Weapons
 a - a +0 spear
 z - a +5 halberd (weapon)
Missiles
 y - 2 silver javelins (quivered)
Armour
 j - a +0 buckler
 o - a +0 ring mail (worn)
 q - a +0 helmet (worn)
Jewellery
 i - a ring of fire (left hand)
 t - an amulet of faith (around neck)
 G - a ring of willpower
Wands
 B - a wand of flame (22)
Scrolls
 d - 2 scrolls of magic mapping {unknown}
 f - 3 scrolls of silence {unknown}
 h - 2 scrolls of blinking {unknown}
 k - 3 scrolls of enchant weapon {unknown}
 l - 10 scrolls of teleportation
 n - 2 scrolls of holy word {unknown}
 p - 3 scrolls of amnesia {unknown}
 r - 4 scrolls of identify
 u - 2 scrolls of immolation {unknown}
 x - 2 scrolls of noise {unknown}
 D - a scroll of enchant armour {unknown}
 E - 3 scrolls of fog {unknown}
 F - a scroll of fear {unknown}
Potions
 b - 3 potions of curing
 c - a potion of brilliance
 e - 5 potions of heal wounds
 g - 4 potions of lignification
 m - a potion of mutation {unknown}
 s - a potion of attraction
 v - a potion of berserk rage
 w - a potion of ambrosia
 A - 3 potions of degeneration {unknown}
 C - a potion of cancellation {unknown}


   Skills:
 + Level 7.5 Fighting
 * Level 8.1 Polearms
 + Level 2.0 Throwing
 + Level 6.1 Armour
 - Level 2.3 Dodging
 - Level 3.4 Stealth
 - Level 5.4 Shields


You had 9 spell levels left.
You didn't know any spells.
Your spell library was empty.

Dungeon Overview and Level Annotations

Branches:
Dungeon (9/15)             Temple (0/1) D:4         Ossuary (visited)
   Lair: D:8-11         Orc: D:9-12

Altars:
Ashenzari
Kikubaaqudgha
Ru
Yredelemnul
The Shining One

Shops:
D:3 *[[*(   D:7 *

Annotations:
D:4 1 runed translucent door, Randoe's ghost, amateur MiBe
D:9 Pikel


Innate Abilities, Weirdness & Mutations

You have razor-sharp teeth.
Your natural rate of healing is unusually fast.
When hurt, damage is shared between your health and your magic reserves.
Your bite disrupts and absorbs the magic of your enemies.
Potions cannot restore your health.


Message History

Your skin crawls.
You feel strong-willed. The bullfrog barely misses you. The bullfrog hits you.
You hit the bullfrog. Your bite misses the bullfrog.
The bullfrog is severely wounded.
The bullfrog barely misses you. The bullfrog hits you.
You puncture the bullfrog!
You kill the bullfrog!
Trog accepts your kill. The troll bites you but does no damage.
The troll closely misses you. The troll claws you but does no damage.
Your Throwing skill increases to level 2!
You barely miss the troll. You bite the troll. You drain its power.
You feel invigorated.
The troll is lightly wounded.
The troll bites you. The troll closely misses you. The troll claws you!
The troll closely misses you. The troll claws you!
The troll closely misses you.
You slash the troll!
The troll is moderately wounded.
The troll bites you.
The troll claws you but does no damage. x2
You barely miss the troll. Your bite misses the troll.
The troll is moderately wounded.
You feel yourself speed up. The troll bites you! The troll barely misses you.
The troll misses you. The troll bites you. The troll claws you!
The troll claws you but does no damage.
Pikel the Slaver comes into view.
He is wielding a +0 whip of freezing.
A lemure comes into view.
Your skin crawls.
You feel strong-willed.
You recover from your berserk rage.
The troll bites you! The troll claws you.
* * * LOW HITPOINT WARNING * * *
The troll closely misses you.
You hit the troll.
The troll is moderately wounded.
The troll bites you!
* * * LOW HITPOINT WARNING * * *
The troll claws you!
You die...

#oK.#
####.K####..
#.†.oo......#
#o###.####...
#######o###.#
.......KK.5K#
#######K###.#
♣♣T♣♣#.#
#♣.@.♣#.#
#.....#.#
#♣...♣# ♣♣.♣♣
♣.♣ #♣♣.♣♣
#≈≈≈.♣
#♣♣.≈♣# ♣♣♣≈#


You could see a troll, a kobold brigand, an orc wizard, an orc and 2 kobolds.

Vanquished Creatures
  A troll (D:9)
  4 yaks (D:9)
  4 water moccasins
  A black bear (D:2)
  5 sky beasts
  3 orc warriors
  A necrophage (D:6)
  4 ogres
  2 centaurs
  A phantom (D:6)
  2 kobold brigands
  2 bullfrogs
  A wyvern zombie (D:8)
  2 scorpions
  A water moccasin skeleton (D:4)
  3 killer bees (D:7)
  A howler monkey (D:4)
  8 wights
  6 centaur zombies
  2 bullfrog zombies
  A jelly (D:7)
  An orc priest (D:7)
  2 gnoll shamans
  3 hounds (D:5)
  A bullfrog skeleton (D:6)
  2 centaur skeletons
  An iguana (D:4)
  3 orc wizards
  2 ogre zombies (Ossuary)
  A hound skeleton (D:4)
  2 howler monkey zombies
  7 mummies (Ossuary)
  8 gnolls
  4 adders
  2 white imps
  An adder skeleton (D:4)
  2 adder zombies (Ossuary)
  2 dart slugs (D:1)
  20 orcs
  4 bats
  6 endoplasms
  A giant cockroach (D:3)
  A gnoll zombie (Ossuary)
  8 goblins
  9 hobgoblins
  5 jackals
  11 kobolds
  2 quokkas
  7 ball pythons
  3 frilled lizards
  4 goblin zombies (Ossuary)
  4 hobgoblin zombies (Ossuary)
  3 kobold zombies (Ossuary)
  An orc zombie (Ossuary)
  4 quokka zombies (Ossuary)
  12 rats
  6 rat zombies (Ossuary)
210 creatures vanquished.

Vanquished Creatures (collateral kills)
  A gargoyle (D:8)
  An electric eel (D:9)
2 creatures vanquished.

Vanquished Creatures (others)
  A human (D:8)
  4 plants (D:9)
5 creatures vanquished.

Grand Total: 217 creatures vanquished

Notes
Turn   | Place    | Note
-------+----------+-------------------------------------------
     0 | D:1      | gigimoi the Vine Stalker Berserker began the quest for the
                  | Orb.
     0 | D:1      | Reached XP level 1. HP: 11/11 MP: 2/2
    90 | D:1      | Reached XP level 2. HP: 9/16 MP: 3/3
    96 | D:1      | Reached skill level 1 in Stealth
   554 | D:1      | Reached ** piety under Trog
   688 | D:1      | Reached XP level 3. HP: 20/20 MP: 4/4
   862 | D:2      | Noticed a black bear
  1278 | D:2      | Found a faded altar of an unknown god.
  1280 | D:2      | Gained mutation: Your natural rate of healing is unusually
                  | fast. [Vine Stalker growth]
  1280 | D:2      | Reached XP level 4. HP: 24/24 MP: 5/5
  1331 | D:2      | Reached skill level 3 in Polearms
  1516 | D:2      | Killed a black bear
  1517 | D:2      | Reached XP level 5. HP: 28/28 MP: 6/6
  1609 | D:3      | Found Reacs's Assorted Antiques.
  1759 | D:3      | Reached skill level 1 in Shields
  1779 | D:3      | Found Ruev Rab's Antique Armour Shoppe.
  1874 | D:3      | Found Cyeroi's Armour Boutique.
  2243 | D:3      | Found Iqemuyto's Weapon Shoppe.
  2394 | D:3      | Found Soluotot's General Store.
  2608 | D:4      | Found a runed translucent door.
  2609 | D:4      | Noticed Randoe's ghost (amateur MiBe)
  2647 | D:4      | Noticed an ogre
  2654 | D:4      | Killed an ogre
  2655 | D:4      | Reached XP level 6. HP: 22/33 MP: 7/7
  2724 | D:4      | Noticed a sky beast
  2745 | D:4      | Killed a sky beast
  2746 | D:4      | Reached XP level 7. HP: 37/37 MP: 5/8
  2810 | D:4      | Reached skill level 4 in Polearms
  2987 | D:4      | Found a staircase to the Ecumenical Temple.
  3486 | D:5      | Entered Level 5 of the Dungeon
  3491 | D:5      | Found a basalt altar of Yredelemnul.
  3694 | D:5      | Gained mutation: You have razor-sharp teeth. [Vine Stalker
                  | growth]
  3694 | D:5      | Reached XP level 8. HP: 23/42 MP: 6/9
  3744 | D:5      | Reached skill level 5 in Fighting
  4001 | D:5      | Found a sacrificial altar of Ru.
  4259 | D:5      | Reached skill level 5 in Polearms
  4513 | D:6      | Reached *** piety under Trog
  4928 | D:6      | Reached XP level 9. HP: 48/48 MP: 8/10
  5342 | D:7      | Found a glowing golden altar of the Shining One.
  5369 | D:7      | Found a broken altar of Ashenzari.
  5396 | D:7      | Reached skill level 6 in Polearms
  5508 | D:7      | Reached skill level 5 in Shields
  5647 | D:7      | Reached skill level 5 in Armour
  5856 | D:7      | Found Jiuseg's Serpentskin Sales.
  6217 | D:8      | Found an ancient bone altar of Kikubaaqudgha.
  6351 | D:8      | Found a sand-covered staircase.
  6356 | Ossuary  | Entered an ossuary
  6815 | Ossuary  | Reached **** piety under Trog
  6887 | D:8      | Noticed a gargoyle
  6894 | D:8      | Killed a gargoyle
  6895 | D:8      | Reached skill level 7 in Polearms
  6895 | D:8      | Reached XP level 10. HP: 46/55 MP: 7/11
  7327 | D:9      | Reached skill level 1 in Throwing
  7445 | D:9      | Reached skill level 8 in Polearms
  7633 | D:9      | Noticed Pikel
  7638 | D:9      | Slain by a troll

Illustrated notes

Levels and vault maps discovered:
D:1:      saegor_arrival_simple_d, layout_loops_ring
D:2:      layout_rooms, basic_ecumenical_altar
D:3:      layout_loops_cross, serial_shops, nicolae_shop_bloodbath_and_beyond,
          nicolae_shop_trees, nicolae_lakefront_shop, nicolae_shop_waterfront,
          shop_coins, serial_glass, glass_columns_c, glass_columns_c,
          minmay_increasing_density
D:4:      minmay_recursive_quarters, layout_gridville,
          minmay_temple_entry_glassed_door, gammafunk_ghost_grave
D:5:      layout_basic, nicolae_overflow_hidden_temple,
          nicolae_ru_path_of_blood, hangedman_abyss_or_decor_passed
D:6:      layout_rooms
D:7:      layout_basic, marbit_many_paths, nicolae_ashenzari_skybound,
          guppyfry_shop_venom
D:8:      layout_loops_cross, tgw_kikubaaqudgha, enter_ossuary_5,
          hangedman_decor_opposing
D:9:      nzn_winding_woodlands_large [nzn_winding_woodlands_5x5_default,
          nzn_winding_woodlands_5x15_lazy_stream,
          nzn_winding_woodlands_5x5_open_star,
          nzn_winding_woodlands_center_lodge,
          nzn_winding_woodlands_15x15_eel_pit,
          nzn_winding_woodlands_center_diamonds,
          nzn_winding_woodlands_5x5_checkerboard,
          nzn_winding_woodlands_5x15_pathside_ponds,
          nzn_winding_woodlands_5x5_three], layout_loops_ring,
          grunt_nemelex_the_gamble, grunt_ministairs_5, kennysheep_just_a_vault,
          uniq_gastronok, uniq_pikel

Skill      XL: |  1  2  3  4  5  6  7  8  9 10 |
---------------+-------------------------------+-----
Stealth        | 1 2 3 |  3.4
Fighting       | 3 4 5 7 |  7.5
Dodging        | 2 |  2.3
Polearms       | 3 4 5 7 8 |  8.1
Shields        | 1 2 3 4 5 |  5.4
Armour         | 2 3 4 5 6 |  6.1
Throwing       | 2 |  2.0

Action                   |  1- 3 |  4- 6 |  7- 9 | 10-12 || total
-------------------------+-------+-------+-------+-------++-------
Melee: Spear             |    86 |   112 |   318 |       ||   516
       Bite              |    19 |    34 |   122 |    37 ||   212
       Halberd           |       |       |    73 |   113 ||   186
Throw: Javelin           |       |       |     2 |       ||     2
Invok: Berserk           |       |     2 |    13 |     3 ||    18
       Trog's Hand       |       |     2 |     7 |     4 ||    13
       Brothers in Arms  |       |       |     1 |     2 ||     3
  Use: Scroll            |       |       |     8 |       ||     8
       Potion            |       |       |     2 |       ||     2
 Stab: Sleeping          |     8 |     7 |    17 |       ||    32
Armor: Animal skin       |     9 |       |       |       ||     9
       Leather armour    |       |     1 |       |       ||     1
       Ring mail         |       |    14 |   102 |    45 ||   161
Dodge: Dodged            |    29 |    39 |   153 |    81 ||   302
Block: Buckler           |     2 |    17 |    64 |       ||    83

Table legend: (Time is in decaauts)
 A = Elapsed time spent in this place.
 B = Non-inter-level travel time spent in this place.
 C = Inter-level travel time spent in this place.
 D = Time resting spent in this place.
 E = Time spent auto-exploring this place.
 F = Levels seen in this place.
 G = Mean time per level.
                   A        B        C        D        E       F      G
               +--------+--------+--------+--------+--------+-----+--------+
         Total |   7768 |   7504 |    264 |   1503 |   4349 |  10 |  776.8 |
       Dungeon |   7258 |   6994 |    264 |   1375 |   4130 |   9 |  806.4 |
       Ossuary |    510 |    510 |      0 |    128 |    219 |   1 |  510.0 |
               +--------+--------+--------+--------+--------+-----+--------+

Top non-repeatable levels by time:
     D:4: 1003 daAuts
     D:5: 998 daAuts
     D:3: 918 daAuts
     D:1: 878 daAuts
     D:7: 810 daAuts
     D:6: 806 daAuts
     D:8: 750 daAuts
     D:2: 698 daAuts
 Ossuary: 510 daAuts
     D:9: 393 daAuts
